Map: Orbital Shipyard

Players

Nerchio - Winner!

  • Race: Zerg Zerg
  • League: Grandmaster

Zanster

  • Race: Zerg Zerg

Event: 2016 WCS Winter Challenger Europe

VOD

Have the link to the VOD?

Description

Time

  • Played on: Feb. 13, 2016, 10:43 a.m.
  • Length: 7:58

All games in this series

Show
View Real Time Build Order
Export as new Build Order

Nerchio Zerg - Winner!

Build Orders: Hatch First 

Get SALT Encoding   

  12  0:01  Drone  
  13  0:12  Overlord  
  13  0:17  Drone  
  14  0:30  Drone x2  
  14  0:34  Drone  
  17  0:52  Hatchery  
  17  0:55  Drone  
  17  1:08  Spawning Pool  
  17  1:11  Extractor  
  15  1:13  Drone  
  15  1:17  Drone  
  17  1:20  Drone  
  18  1:28  Drone  
  19  1:38  Overlord  
  19  1:55  Zergling x2  
  19  1:56  Queen  
  19  1:59  Roach Warren  
  21  2:05  Queen  
  23  2:09  Drone  
  23  2:12  Drone  
  25  2:17  Zergling x2  
  25  2:20  Drone  
  27  2:30  Drone  
  27  2:32  Drone  
  29  2:37  Drone  
  29  2:39  Drone  
  29  2:44  Drone  
  32  2:47  Drone  
  33  2:53  Overlord  
  33  2:58  Drone  
  34  3:10  Drone x2  
  34  3:12  Drone x3  
  38  3:21  Hatchery, Zergling x2  
  38  3:30  Drone x3  
  38  3:33  Roach  
  43  3:34  Overlord  
  43  3:39  Extractor  
  43  3:40  Evolution Chamber  
  41  3:41  Roach  
  41  3:43  Overlord  
  43  3:50  Overlord  
  43  3:52  Drone  
  43  3:53  Drone x3  
  47  3:57  Lair  
  47  3:59  Drone  
  47  4:01  Drone  
  49  4:04  Drone  
  49  4:06  Extractor  
  49  4:09  Drone  
  50  4:11  Extractor  
  48  4:21  Drone x4  
  51  4:24  Queen  
  51  4:26  Overlord  
  51  4:30  Roach  
  55  4:32  Roach  
  55  4:36  Roach  
  59  4:39  Queen  
  62  4:45  Drone  
  62  4:46  Drone x3  
  65  4:55  Spire  
  65  4:56  Drone  
  65  4:59  Overseer  
  65  5:00  Drone  
  65  5:02  Drone x2  
  68  5:10  Drone x3  
  68  5:11  Drone, Extractor  
  68  5:12  Extractor  
  70  5:14  Overlord  
  70  5:20  Roach x2  
  74  5:21  Roach  
  74  5:25  Overlord  
  74  5:27  Overlord  
  76  5:30  Drone  
  76  5:31  Drone x2  
  76  5:34  Glial Reconstitution  
  79  5:36  Overseer  
  79  5:37  Drone  
  79  5:39  Drone  
  79  5:41  Drone  
  79  5:42  Drone  
  83  5:43  Drone  
  83  5:47  Roach x2  
  90  5:50  Roach  
  90  6:07  Mutalisk, Overseer  
  90  6:08  Mutalisk x5  
  90  6:10  Mutalisk  
  104  6:12  Mutalisk  
  104  6:15  Overlord  
  104  6:18  Overlord  
  106  6:26  Overlord  
  106  6:34  Roach  
  106  6:35  Roach x3  
  106  6:39  Roach x4  
  122  6:43  Roach  
  122  6:45  Roach x3  
  122  6:46  Roach  
  122  6:47  Roach  
  122  6:50  Roach  
  122  6:51  Roach  
  122  6:54  Roach x2  
  122  6:56  Roach  
  122  6:57  Roach  
  117  7:03  Drone x2  
  117  7:05  Drone  
  117  7:07  Drone  
  116  7:09  Drone  
  116  7:10  Drone  
  116  7:12  Drone  
  119  7:16  Hydralisk Den  
  119  7:19  Queen  
  120  7:24  Evolution Chamber  
  119  7:38  Roach x5  
Show
View Real Time Build Order
Export as new Build Order

Zanster Zerg 

Build Orders: Pool First 

Get SALT Encoding   

  12  0:00  Drone  
  13  0:12  Overlord  
  13  0:17  Drone  
  14  0:30  Drone  
  14  0:31  Drone  
  14  0:34  Drone  
  17  0:44  Spawning Pool  
  17  0:46  Drone  
  17  0:56  Drone  
  18  1:07  Drone  
  19  1:14  Hatchery  
  19  1:17  Drone  
  19  1:21  Extractor  
  18  1:31  Zergling x2, Queen  
  21  1:43  Roach Warren  
  21  1:44  Drone  
  21  1:49  Overlord  
  21  2:01  Drone  
  22  2:07  Queen  
  24  2:11  Drone  
  25  2:25  Drone  
  28  2:40  Drone x4  
  28  2:42  Drone  
  31  2:48  Overlord, Drone  
  32  2:58  Drone  
  33  3:01  Overlord  
  33  3:02  Drone  
  34  3:13  Drone x2  
  36  3:20  Drone  
  36  3:21  Drone  
  36  3:23  Drone x2  
  36  3:24  Lair  
  40  3:28  Hatchery  
  40  3:30  Drone  
  39  3:36  Evolution Chamber  
  39  3:37  Drone x2  
  39  3:38  Extractor  
  39  3:40  Drone  
  40  3:43  Queen  
  40  3:46  Extractor  
  41  3:50  Roach x2  
  41  3:52  Roach  
  50  3:55  Roach  
  50  3:59  Overlord  
  50  4:01  Extractor  
  49  4:02  Zerg Missile Weapons Level 1  
  49  4:05  Drone  
  49  4:06  Drone  
  51  4:13  Drone  
  51  4:14  Overlord  
  51  4:16  Extractor  
  51  4:18  Drone  
  51  4:22  Drone x4  
  56  4:27  Glial Reconstitution  
  56  4:29  Drone x2  
  58  4:32  Overlord  
  58  4:34  Overseer  
  58  4:36  Drone  
  59  4:41  Drone  
  59  4:42  Drone x2  
  59  4:45  Overlord  
  62  4:50  Overlord  
  62  4:53  Drone x2  
  62  4:59  Roach x2  
  68  5:00  Roach  
  70  5:08  Roach x2  
  70  5:11  Overlord  
  74  5:19  Roach x3  
  80  5:25  Roach  
  80  5:26  Extractor x2, Roach  
  82  5:35  Roach x5  
  92  5:42  Roach x3  
  98  5:45  Overlord  
  98  5:50  Roach x3  
  98  5:54  Overlord  
  104  5:58  Ravager  
  104  5:59  Ravager  
  104  6:03  Ravager  
  107  6:06  Roach x3  
  113  6:12  Overlord  
  113  6:13  Roach  
  113  6:14  Roach  
  117  6:21  Roach  
  117  6:22  Roach  
  117  6:24  Ravager  
  122  6:27  Overlord  
  122  6:30  Overlord  
  122  6:32  Roach x4  
  130  6:45  Queen x3  
  124  6:48  Drone x2  
  124  6:50  Drone  
  124  6:51  Drone  
  115  6:55  Drone  
  108  7:02  Drone x7  
  108  7:05  Spore Crawler  
  96  7:20  Spore Crawler  
  96  7:21  Drone x7  
  96  7:22  Spore Crawler x2  
Tags
 
Add a new tag
Caveats
  • Supply blocks, unpowered buildings, or Contaminate may cause inaccurate times.
  • Supply counts are checked every 10 seconds.